 Dungeon Crawl Stone Soup version 0.31-a0-986-g5e6e4ef867 (webtiles) character file.

Game seed: 14835627678728168379

819 FakeRyeBread the Cudgeller (level 7, -3/44 HPs)
             Began as a Gargoyle Fighter on Nov 5, 2023.
             Slain by a wyvern zombie (7 damage)
             ... on level 5 of the Dungeon.
             The game lasted 00:10:46 (3515 turns).

FakeRyeBread the Cudgeller (Gargoyle Fighter)       Turns: 3515, Time: 00:10:47

Health: -3/44      AC: 14    Str: 22    XL:     7   Next: 95%
Magic:  7/7        EV: 13    Int:  8    God:
Gold:   227        SH:  4    Dex:  9    Spells: 6/6 levels left

rFire   . . .        a - +0 flail
rCold   . . .        c - +0 buckler
rNeg    + . .        e - +0 chain mail
rPois   ∞            (no helmet)
rElec   +            (no cloak)
rCorr   .            (no gloves)
SInv    .            (no boots)
Will    .....        (no amulet) Stlth
                     q - +5 ring of evasion
HPRegen 0.27/turn    (no ring)
MPRegen 0.10/turn

%: no passive effects
@: hasted, very quick
A: sickness immunity, AC +4, negative energy resistance 1, electricity
resistance, torment resistance 1, petrification resistance
a: no special abilities


You were on level 5 of the Dungeon.
You visited 1 branch of the dungeon, and saw 5 of its levels.

You collected 227 gold pieces.

Inventory:

Hand Weapons
 a - a +0 flail (weapon)
Missiles
 p - 6 javelins (quivered)
Armour
 c - a +0 buckler (worn)
 e - a +0 chain mail (worn)
Jewellery
 h - an amulet of faith
 j - a ring of ice
 q - a +5 ring of evasion (left hand)
Wands
 s - a wand of flame (19)
Scrolls
 b - 2 scrolls of butterflies
 f - a scroll of amnesia {unknown}
 l - a scroll of poison {unknown}
 n - 2 scrolls of teleportation
 t - a scroll of identify
Potions
 d - a potion of might
 g - a potion of cancellation
 i - a potion of berserk rage
 k - 2 potions of enlightenment
 m - a potion of mutation {unknown}
 o - a potion of haste
 r - a potion of invisibility {unknown}


   Skills:
 + Level 5.3 Fighting
 * Level 5.7 Maces & Flails
 + Level 5.3 Armour
 + Level 5.3 Shields


You had 6 spell levels left.
You didn't know any spells.
Your spell library contained the following spells:

 Spells                   Type           Power      Damage    Failure   Level
 Summon Small Mammal      Summ           0%         N/A       97%         1
 Blink                    Tloc           0%         N/A       99%         2
 Lesser Beckoning         Tloc           0%         N/A       99%         2
 Momentum Strike          Conj/Tloc      0%         3d8       99%         2
 Call Canine Familiar     Summ           0%         N/A       100%        3
 Ignite Poison            Fire/Tmut/Pois 0%         N/A       100%        3
 Ozocubu's Armour         Ice            0%         N/A       100%        3
 Summon Guardian Golem    Hex/Summ       0%         N/A       100%        3
 Sticky Flame             Conj/Fire      0%         2d3       100%        4
 Metabolic Englaciation   Hex/Ice        0%         N/A       100%        5
 Simulacrum               Ice/Necr       0%         N/A       100%        6
 Ignition                 Fire           0%         3d3       100%        8


Dungeon Overview and Level Annotations

Branches:
Dungeon (5/15)             Temple (0/1) D:5

Altars:
Nemelex Xobeh
Qazlal

Shops:
D:1 *   D:4 :

Annotations:
D:5 croobank's ghost, amateur DgDe


Innate Abilities, Weirdness & Mutations

You are immune to sickness and miasma.
Your stone body is resilient. (AC +4)
You are immune to poison.
You resist negative energy. (rN+)
You are resistant to electric shocks. (rElec)
You are resistant to unholy torment.
You are immune to petrification.


Message History

You barely miss the bullfrog skeleton.
The bullfrog skeleton is almost destroyed.
The bullfrog skeleton closely misses you. x2
You barely miss the bullfrog skeleton.
The bullfrog skeleton is almost destroyed.
The bullfrog skeleton hits you but does no damage.
Croobank's ghost wails.
You completely miss the bullfrog skeleton.
The bullfrog skeleton is almost destroyed.
The bullfrog skeleton closely misses you.
The bullfrog skeleton hits you but does no damage.
You hit the bullfrog skeleton.
You destroy the bullfrog skeleton!
You hit the wyvern zombie but do no damage.
The wyvern zombie bites you but does no damage.
The wyvern zombie barely misses you.
You sock the wyvern zombie!
The wyvern zombie is moderately damaged.
The wyvern zombie bites you but does no damage.
You hit the wyvern zombie.
The wyvern zombie is moderately damaged.
The wyvern zombie bites you.
You sock the wyvern zombie!
The wyvern zombie is heavily damaged.
You block the wyvern zombie's attack. The wyvern zombie bites you.
* * * LOW HITPOINT WARNING * * *
Croobank's ghost whispers, "Everlasting silence awaits you..."
You hit the wyvern zombie.
The wyvern zombie is heavily damaged.
The wyvern zombie bites you but does no damage.
You barely miss the wyvern zombie.
The wyvern zombie is heavily damaged.
The wyvern zombie barely misses you. The wyvern zombie misses you.
You hit the wyvern zombie.
The wyvern zombie is severely damaged.
The wyvern zombie bites you!
* * * LOW HITPOINT WARNING * * *
It was a potion of haste.
You feel yourself speed up. The wyvern zombie closely misses you.
The wyvern zombie bites you!
You die...

##.............
#..............
#...###########
#...#..........
#...#..........
#...#..###.###.
#...#..#8#.#8#.
#.#######...#..........
#.....@Z...©#W....©....
#########<..#5.........
#...#Z.#8#.#8#.
#...#..###.###.
#...#......Z...
##..#)....5..W.
#..###########
#.............
#.............


You could see croobank's ghost, a shadow imp, a wyvern zombie and a centaur
skeleton.

Vanquished Creatures
  Grinder (D:3)
  An ice beast (D:5)
  A hound (D:5)
  2 jellies
  2 orc priests (D:4)
  A bullfrog skeleton (D:5)
  Ijyb (D:4)
  Terence (D:3)
  2 iguanas
  3 orc wizards
  7 adders
  2 white imps (D:5)
  2 worms
  A dart slug (D:1)
  11 orcs
  11 ball pythons
  3 bats (D:1)
  5 endoplasms
  A giant cockroach (D:4)
  15 goblins
  3 hobgoblins
  11 jackals
  3 quokkas
  3 frilled lizards
  9 kobolds
  5 rats
107 creatures vanquished.

Notes
Turn   | Place    | Note
-------+----------+-------------------------------------------
     0 | D:1      | FakeRyeBread the Gargoyle Fighter began the quest for the
                  | Orb.
     0 | D:1      | Reached XP level 1. HP: 14/14 MP: 1/1
   117 | D:1      | Reached XP level 2. HP: 16/19 MP: 2/2
   324 | D:1      | Found Ihegg's Assorted Antiques.
   516 | D:1      | Reached XP level 3. HP: 23/23 MP: 3/3
   790 | D:2      | Found a faded altar of an unknown god.
   894 | D:2      | Reached XP level 4. HP: 19/29 MP: 4/4
  1515 | D:3      | Noticed a fire elemental
  1520 | D:3      | Found a stormy altar of Qazlal.
  1523 | D:3      | Noticed an earth elemental
  1523 | D:3      | Noticed a water elemental
  1523 | D:3      | Noticed an air elemental
  1579 | D:3      | Reached XP level 5. HP: 33/33 MP: 5/5
  1671 | D:3      | Noticed Terence
  1685 | D:3      | Killed Terence
  1874 | D:3      | Noticed Grinder
  1876 | D:3      | Paralysed by Grinder for 2 turns
  1882 | D:3      | Paralysed by Grinder for 2 turns
  1893 | D:3      | Killed Grinder
  1894 | D:3      | Reached XP level 6. HP: 10/39 MP: 6/6
  2080 | D:3      | Found a sparkling altar of Nemelex Xobeh.
  2196 | D:4      | Found Ziubo's Book Shoppe.
  2319 | D:4      | Reached XP level 7. HP: 44/44 MP: 7/7
  2528 | D:4      | Reached skill level 5 in Maces & Flails
  2733 | D:4      | Noticed Ijyb
  2748 | D:4      | Killed Ijyb
  2749 | D:4      | Reached skill level 5 in Armour
  2936 | D:4      | Reached skill level 5 in Shields
  3178 | D:5      | Entered Level 5 of the Dungeon
  3181 | D:5      | Found a transporter.
  3249 | D:5      | Reached skill level 5 in Fighting
  3461 | D:5      | Found a staircase to the Ecumenical Temple.
  3467 | D:5      | Found a transporter.
  3474 | D:5      | Noticed croobank's ghost (amateur DgDe)
  3515 | D:5      | Slain by a wyvern zombie

Illustrated notes

Levels and vault maps discovered:
D:1:      wander_arrival_chamber, layout_basic, serial_shops, shop
D:2:      layout_basic, shapermc_ecumenical_altar_petra
D:3:      layout_rooms, nicolae_qazlal_style_of_elements,
          mainiacjoe_overflow_alcove_1, uniq_terence, uniq_grinder
D:4:      kennysheep_goblin_castle, layout_loops_ring, serial_shops, shop,
          serial_park_tiny_2
D:5:      layout_loops_ring, minmay_temple_entry_stoned_glass,
          gammafunk_ghost_mausoleum

Skill      XL: |  1  2  3  4  5  6  7 |
---------------+----------------------+-----
Maces & Flails | 3 4 5 |  5.7
Fighting       | 4 5 |  5.3
Shields        | 4 5 |  5.3
Armour         | 4 5 |  5.3

Action                     |  1- 3 |  4- 6 |  7- 9 || total
---------------------------+-------+-------+-------++-------
  Melee: Flail             |   103 |   155 |   200 ||   458
    Use: Scroll            |     3 |     5 |       ||     8
         Potion            |       |     1 |     3 ||     4
 Armour: Chain mail        |    66 |   106 |   166 ||   338
  Dodge: Dodged            |    43 |    44 |   103 ||   190
  Block: Buckler           |    15 |    27 |    49 ||    91

Table legend: (Time is in decaauts)
 A = Elapsed time spent in this place.
 B = Non-inter-level travel time spent in this place.
 C = Inter-level travel time spent in this place.
 D = Time resting spent in this place.
 E = Time spent auto-exploring this place.
 F = Levels seen in this place.
 G = Mean time per level.
                   A        B        C        D        E       F      G
               +--------+--------+--------+--------+--------+-----+--------+
         Total |   3617 |   3184 |    433 |    321 |   1747 |   5 |  723.4 |
       Dungeon |   3617 |   3184 |    433 |    321 |   1747 |   5 |  723.4 |
               +--------+--------+--------+--------+--------+-----+--------+

Top non-repeatable levels by time:
     D:4: 1053 daAuts
     D:1: 791 daAuts
     D:2: 739 daAuts
     D:3: 684 daAuts
     D:5: 349 daAuts
